 Dungeon Crawl Stone Soup version 0.19-a0-1879-gd95bc26 (webtiles) character file.

132 Eniamerus the Covert (level 4, 0/22 HPs)
             Began as a Spriggan Assassin on Oct 14, 2016.
             Killed from afar by an orc wizard (9 damage)
             ... with a magic dart
             ... on level 3 of the Dungeon.
             The game lasted 00:03:48 (2202 turns).

Eniamerus the Covert (Spriggan Assassin)            Turns: 2202, Time: 00:03:48

Health: 0/22       AC: 10    Str:  7    XL:     4   Next: 92%
Magic:  5/5        EV: 17    Int: 12    God:
Gold:   112        SH:  0    Dex: 18    Spells: 0 memorised, 3 levels left

rFire  . . .     SeeInvis +     l - +1 short sword (protect)
rCold  . . .     Gourm    .     c - +0 robe
rNeg   . . .     Faith    .     (shield restricted)
rPois  .         Spirit   .     (helmet restricted)
rElec  .         Dismiss  .     d - +0 cloak
rCorr  .         Reflect  .     (gloves unavailable)
MR     .....     Harm     .     (boots unavailable)
Stlth  ++++......               (no amulet)
                                (no ring)
                                (no ring)

@: protection aura, very slightly contaminated, hasted, very quick
A: unfitting armour, see invisible, herbivore 3, speed 3, slow metabolism 2
a: no special abilities


You were on level 3 of the Dungeon.
You were not hungry.

You visited 1 branch of the dungeon, and saw 3 of its levels.

You collected 112 gold pieces.

Inventory:

Hand Weapons
 a - a +2 dagger
 b - a +1 blowgun
 l - a +1 short sword of protection (weapon)
Missiles
 e - 26 poisoned needles
 f - 2 curare-tipped needles
Armour
 c - a +0 robe (worn)
 d - a +0 cloak (worn)
Wands
 y - a wand of flame (48/48)
Scrolls
 k - 2 scrolls of fear
 u - a scroll of blinking
Potions
 m - a potion of lignification
 q - a potion of resistance {unknown}
Comestibles
 g - 2 bread rations
 i - 6 fruits


   Skills:
 - Level 1.5 Fighting
 - Level 2.1 Short Blades
 - Level 2.0 Throwing
 - Level 1.5 Dodging
 + Level 9.5 Stealth


You had 3 spell levels left.
You didn't know any spells.

Dungeon Overview and Level Annotations

Branches:
Dungeon (3/15)

Altars:


Innate Abilities, Weirdness & Mutations

You are very small and have problems with some larger weapons.
You are too small for most types of armour.
You have supernaturally acute eyesight. (SInv)
You are a herbivore.
You cover ground extremely quickly.
You need consume almost no food.


Message History

You see here a leather armour.
It was a potion of haste.
You feel yourself speed up.
You are very lightly contaminated with residual magic.
It was a potion of curing.
You feel better.
You hit the orc wizard.
The orc wizard is moderately wounded.
The orc wizard points at you and mumbles some strange words.
The magic dart hits you!
You hit the orc wizard.
The orc wizard is moderately wounded.
The orc barely misses you. The orc wizard closely misses you.
You hit the orc wizard.
The orc wizard is severely wounded.
The orc barely misses you.
You hit the orc wizard but do no damage.
The orc wizard is severely wounded.
The orc misses you. The orc wizard casts a spell at you.
The magic dart hits you!
You die...

#.#.......#.#.......#,**,,,*,
****#.###########.......#,,,,,,*,
,,,,#....†.).............,,,,,,*,
,,,,#############......##*****,*,
,,,,,,,,,................,,,,,,*,
,,,,,,,,,.........#.≈.≈.#***,,,,,
,,,,,,,,,..........≈.≈.≈.,,*,,,,,
,,,,,,,,,........o.#...##*,*****,
,,*,,,,,,......o@o)#.≈.#,,,,,,,,,
,,*,,,,,,........#.#...#,*,******
,,*,,,,,,........#.#,≈.#,*,*,,,,,
,,,,,,,,,......###.#,,,*,*,*,,,,,
,,*******#####.***.#,≈,*,*,*,,,,,
,,* *,,,,,,..,,,.#,,,***,*,,,,,
,,*****,,,,,..,,,,.#≈_≈* *,*,,,,,
**,,,**,,,,...,,,,.#≈≈≈* *,*,,,,,
*,,,******,,,,,,,,***** *,*,,,,,


You could see an orc wizard and 2 orcs.

Vanquished Creatures
  An orc priest (D:3)
  5 adders (D:2)
  An ooze (D:2)
  2 worms (D:2)
  2 dart slugs
  A leopard gecko (D:2)
  An orc (D:3)
  2 ball pythons (D:2)
  4 giant cockroaches
  3 goblins
  6 hobgoblins
  3 kobolds (D:1)
  5 bats
  3 frilled lizards
  7 rats
46 creatures vanquished.

Notes
Turn   | Place    | Note
-------+----------+-------------------------------------------
     0 | D:1      | Eniamerus the Spriggan Assassin began the quest for the Orb.
     0 | D:1      | Reached XP level 1. HP: 10/10 MP: 2/2
    77 | D:1      | Reached skill level 6 in Stealth
   285 | D:1      | Reached XP level 2. HP: 14/14 MP: 3/3
   502 | D:1      | Reached skill level 7 in Stealth
   947 | D:2      | Reached XP level 3. HP: 18/18 MP: 4/4
  1133 | D:2      | Reached skill level 8 in Stealth
  1509 | D:2      | Reached XP level 4. HP: 22/22 MP: 5/5
  1973 | D:2      | Reached skill level 9 in Stealth
  2202 | D:3      | Killed from afar by an orc wizard

Vault maps used:
D:1:      dpeg_arrival_three_bigger_balls, st_stairs_11
D:2:      serial_glass, glass_columns_a, glass_columns_a
D:3:      trog_eyes_of_draining, nicolae_overflow_hidden_temple,
          nicolae_ru_path_of_blood

Skill      XL: |  1  2  3  4 |
---------------+-------------+-----
Stealth        | 6 7 8 9 |  9.5
Fighting       | |  1.5
Short Blades   | |  2.1
Throwing       | |  2.0
Dodging        | |  1.5

Action                   |  1- 3 |  4- 6 || total
-------------------------+-------+-------++-------
Melee: Dagger            |    21 |       ||    21
       Short sword       |   100 |    73 ||   173
  Use: Scroll            |       |    12 ||    12
       Potion            |       |     3 ||     3
 Stab: Sleeping          |    12 |     1 ||    13
       Distracted        |     1 |     1 ||     2
Armor: Robe              |    22 |    13 ||    35
       Skin              |       |    29 ||    29
Dodge: Dodged            |    98 |    61 ||   159
